 Dungeon Crawl Stone Soup version 0.29-a0-72-g1732ff48e7 (webtiles) character file.

Game seed: 5536860328158202356

14380 belegose the Carver (level 12, -16/97 HPs)
             Began as a Gnoll Cinder Acolyte on Feb 3, 2022.
             Was a Priest of Ignis.
             Demolished by an ice devil (22 damage)
             ... summoned by Frances
             ... on level 11 of the Dungeon.
             The game lasted 00:55:30 (17672 turns).

belegose the Carver (Gnoll Cinder Acolyte)         Turns: 17672, Time: 00:55:31

Health: -16/97     AC: 10    Str: 14    XL:     12   Next: 15%
Magic:  0/14       EV: 17    Int: 15    God:    Ignis [***...]
Gold:   336        SH:  0    Dex: 11    Spells: 17/26 levels left

rFire   + . .      SeeInvis .   a - +9 morningstar of Nice Cruel Justice {drain, rElec rPois Will++ MP-9}
rCold   . . .      Faith    .   (no shield)
rNeg    . . .      Spirit   +   j - +0 acid dragon scales
rPois   +          Reflect  .   (no helmet)
rElec   +          Harm     .   o - +0 cloak
rCorr   +          Rampage  .   y - +0 pair of gloves
Will    ++...                   r - +0 pair of boots
Stlth   +++.......              v - amulet of guardian spirit
HPRegen 0.26/turn               C - ring of poison resistance
MPRegen 0.14/turn               E - +4 ring of evasion

@: weakened, corroded, fiery-armoured
A: fangs 1, strong nose, distributed training
a: Renounce Religion, Fiery Armour, Foxfire Swarm, Rising Flame


You were on level 11 of the Dungeon.
You worshipped Ignis.
Ignis was most pleased with you.
You visited 2 branches of the dungeon, and saw 13 of its levels.
You also visited: Sewer and Bailey.

You collected 546 gold pieces.
You spent 210 gold pieces at shops.

Inventory:

Hand Weapons
 a - the +9 morningstar of Nice Cruel Justice (weapon) {drain, rElec rPois Will++ MP-9}
   (You found it on level 10 of the Dungeon)

   A truly terrible weapon, it drains the life of any living foe it strikes.
   rElec:     It insulates you from electricity.
   rPois:     It protects you from poison.
   MP:        It affects your magic capacity (-9).
   Will:      It greatly increases your willpower.
 b - a +2 dagger of venom
 w - a +4 scimitar of flaming
Missiles
 f - 3 curare-tipped darts
 x - 2 javelins (quivered)
 A - 18 poisoned darts
 F - 88 bolts
 G - 12 boomerangs
 V - a throwing net
Armour
 h - a scarf of resistance
 j - +0 acid dragon scales (worn)
 o - a +0 cloak (worn)
 r - a +0 pair of boots (worn)
 y - a +0 pair of gloves (worn)
Magical Staves
 i - a staff of poison
Jewellery
 s - a ring of protection from fire
 v - an amulet of guardian spirit (around neck)
 C - a ring of poison resistance (left hand)
 E - a +4 ring of evasion (right hand)
 T - a ring of see invisible
Wands
 t - a wand of iceblast (5)
 z - a wand of charming (3)
 D - a wand of digging (13)
 P - a wand of paralysis (18)
Scrolls
 c - 3 scrolls of identify
 g - 2 scrolls of enchant weapon {unknown}
 l - 3 scrolls of enchant armour {unknown}
 m - 2 scrolls of fear
 q - 2 scrolls of brand weapon {unknown}
 H - 3 scrolls of noise {unknown}
 I - 3 scrolls of blinking {unknown}
 J - 3 scrolls of fog {unknown}
 M - 4 scrolls of teleportation
 Q - 2 scrolls of amnesia
 R - 2 scrolls of magic mapping
 U - a scroll of acquirement {unknown}
Potions
 d - 4 potions of mutation
 e - a potion of flight
 k - 2 potions of curing
 n - a potion of berserk rage
 p - a potion of ambrosia {unknown}
 u - 3 potions of lignification
 B - 2 potions of resistance
 L - 3 potions of brilliance {unknown}
 N - 3 potions of heal wounds


   Skills:
 + Level 9.7 Fighting
 + Level 7.0 Short Blades
 + Level 9.7 Long Blades
 + Level 7.0 Axes
 + Level 7.0 Maces & Flails
 + Level 7.0 Polearms
 + Level 7.0 Staves
 + Level 7.0 Slings
 + Level 7.0 Bows
 + Level 7.0 Crossbows
 + Level 7.0 Throwing
 + Level 7.0 Armour
 + Level 7.0 Dodging
 + Level 7.0 Stealth
 + Level 7.0 Shields
 + Level 7.0 Unarmed Combat
 + Level 7.6 Spellcasting
 + Level 5.8 Conjurations
 + Level 5.8 Hexes
 + Level 5.8 Summonings
 + Level 5.8 Necromancy
 + Level 5.8 Translocations
 + Level 5.8 Transmutations
 + Level 8.1 Fire Magic
 + Level 5.8 Ice Magic
 + Level 5.8 Air Magic
 + Level 5.8 Earth Magic
 + Level 5.8 Poison Magic
 + Level 7.7 Invocations
 + Level 7.0 Evocations


You had 17 spell levels left.
You knew the following spells:

 Your Spells              Type           Power      Damage    Failure   Level
a - Mephitic Cloud        Conj/Pois/Air  23%        N/A       4%          3
b - Ignite Poison         Fire/Tmut/Pois 25%        N/A       3%          3
c - Vampiric Draining     Necr           23%        2d7       4%          3

Your spell library contained the following spells:

 Spells                   Type           Power      Damage    Failure   Level
 Magic Dart               Conj           92%        1d7       1%          1
 Slow                     Hex            92%        N/A       1%          1
 Scorch                   Fire           60%        2d8       1%          2
 Call Imp                 Summ           23%        N/A       2%          2
 Sublimation of Blood     Necr           23%        N/A       2%          2
 Wereblood                Tmut           23%        N/A       2%          2
 Confusing Touch          Hex            23%        N/A       4%          3
 Gell's Gravitas          Tloc           23%        N/A       4%          3
 Lesser Beckoning         Tloc           23%        N/A       4%          3
 Portal Projectile        Hex/Tloc       46%        N/A       4%          3
 Teleport Other           Tloc           23%        N/A       4%          3
 Animate Dead             Necr           11%        N/A       16%         4
 Blade Hands              Tmut           11%        N/A       38%         5
 Excruciating Wounds      Necr           11%        N/A       38%         5
 Freezing Cloud           Conj/Ice/Air   11%        6-21      38%         5
 Dispersal                Tloc           11%        N/A       93%         6
 Haunt                    Necr/Summ      11%        N/A       100%        7
 Summon Hydra             Summ           11%        N/A       100%        7
 Infestation              Necr           11%        N/A       100%        8


Dungeon Overview and Level Annotations

Branches:
Dungeon (12/15)            Temple (1/1) D:4            Lair (0/6) D:10
  Sewer (visited)          Bailey (visited)
    Orc: D:9-12

Altars:
Ashenzari
Cheibriados
Dithmenos
Elyvilon
Fedhas
Gozag
Hepliaklqana
Kikubaaqudgha
Makhleb
Nemelex Xobeh
Okawaru
Qazlal
Ru
Sif Muna
Trog
Uskayaw
Vehumet
Wu Jian
Xom
Yredelemnul
Zin
The Shining One

Shops:
D:5 *   D:6 *   D:7 ?   D:8 !   D:11 (

Portals:
Trove: D:10 (give 5 scrolls of blinking)

Annotations:
D:7 exclusion: downstairs, Joseph
D:8 3 runed translucent doors, exclusion: 3 doors, blackman's ghost, novice HuDe
D:11 Frances


Innate Abilities, Weirdness & Mutations

You have very sharp teeth.
Your uncanny sense of smell can sniff out nearby items.
Your experience applies equally to all skills.


Message History

Press: ? - help, Shift-Dir - straight line, f - ufetubus
Aim: an ufetubus (summoned, 57% to hit)
The bolt of acid misses Frances.
The bolt of acid hits the ufetubus!
You kill the ufetubus!
The ufetubus disappears in a puff of smoke!
The bolt of acid hits the ufetubus!!
The acid corrodes the ufetubus!
You kill the ufetubus!
The ufetubus disappears in a puff of smoke!
The now-empty wand crumbles to dust.
The ynoxinul disappears in a puff of smoke!
The ufetubus disappears in a puff of smoke! x2
Frances screams a word of power!
The shard of ice misses you. The ice devil hits you.
* * * LOW HITPOINT WARNING * * *
The ice devil freezes you!
* * * LOW HITPOINT WARNING * * *
The orange demon stings you but does no damage.
The orange demon is burned by your cloak of flames.
The orange demon is lightly wounded.
The orange demon hits you.
* * * LOW HITPOINT WARNING * * *
You feel your attacks grow feeble.
The orange demon is burned by your cloak of flames.
The orange demon is lightly wounded.
Okay, then.
Okay, then.
Aiming: Iceblast
Press: ? - help, Shift-Dir - straight line The mass of ice explodes!
The iceblast engulfs Frances!!
Frances is severely wounded.
Frances completely misses you. The orange demon barely misses you.
The orange demon hits you.
* * * LOW HITPOINT WARNING * * *
You feel as though you will be weak longer.
The orange demon is burned by your cloak of flames.
The orange demon is lightly wounded.
The ice devil hits you!
* * * LOW HITPOINT WARNING * * *
The ice devil freezes you!!
You die...

#....#.....#.........
#...<#.....#....#####
#....#.....#....#....
#....#.....#....'....
#§...#.....#....#....
#§§§.#.....#....#....
#§>4.#.....######....
###@##.....#....#....
#...@4.....#....#....
#...4......#....#....
#..........#....#....
#....#.....#....#....
#....#######....#....
#....................
#....................
#....................
#####################


You could see Frances (fast, drained), an orange demon (summoned), an ice devil
(summoned) and a rust devil (summoned).

Vanquished Creatures
  A hydra (D:10)
  2 vault guards (Bailey)
  2 centaur warriors (D:11)
  Erica (D:11)
  2 cyclopes (D:11)
  2 ugly things (D:11)
  Maggie (D:6)
  3 gargoyles
  A kobold demonologist (D:10)
  An efreet (D:11)
  A troll (D:11)
  Prince Ribbit (Bailey)
  A slime creature (D:11)
  A wraith (D:5)
  A wyvern (D:9)
  Grum (D:10)
  A human (Bailey)
  Menkaure (D:7)
  5 steam dragons
  2 wargs (D:10)
  An acid dragon (D:10)
  Duvessa (D:4)
  Pargi (Sewer)
  4 orc warriors
  2 ice beasts
  4 sky beasts
  A black bear (D:5)
  A necrophage (D:7)
  3 wolves
  3 ogres
  3 centaurs
  3 kobold brigands
  A phantom (D:5)
  2 gnoll sergeants
  10 bullfrogs
  4 scorpions
  2 water moccasin zombies (D:5)
  A water moccasin skeleton (D:6)
  Dowan (D:4)
  2 howler monkeys (D:6)
  9 wights
  2 centaur zombies
  4 hounds
  9 orc priests
  A centaur skeleton (D:4)
  An iguana (D:5)
  9 orc wizards
  A killer bee zombie (D:6)
  10 gnolls
  8 adders
  A shadow imp (D:6)
  A worm (D:2)
  2 dart slugs
  24 orcs
  8 endoplasms
  6 giant cockroaches
  10 goblins
  6 hobgoblins
  3 jackals (D:2)
  28 kobolds
  8 quokkas
  3 ball pythons
  3 bats
  7 frilled lizards
  11 rats
256 creatures vanquished.

Vanquished Creatures (others)
  A sky beast (D:11)
  A fungus (D:1)
  4 plants (D:4)
6 creatures vanquished.

Grand Total: 262 creatures vanquished

Notes
Turn   | Place    | Note
-------+----------+-------------------------------------------
     0 | D:1      | belegose the Gnoll Cinder Acolyte began the quest for the
                  | Orb.
     0 | D:1      | Reached XP level 1. HP: 23/23 MP: 4/4
   326 | D:1      | Reached XP level 2. HP: 29/29 MP: 5/5
   829 | D:1      | Reached XP level 3. HP: 30/35 MP: 7/7
  1513 | D:2      | Reached skill level 1 in Invocations
  1898 | D:2      | Reached skill level 1 in Short Blades
  1898 | D:2      | Reached skill level 1 in Axes
  1898 | D:2      | Reached skill level 1 in Maces & Flails
  1898 | D:2      | Reached skill level 1 in Polearms
  1898 | D:2      | Reached skill level 1 in Staves
  1898 | D:2      | Reached skill level 1 in Slings
  1898 | D:2      | Reached skill level 1 in Bows
  1898 | D:2      | Reached skill level 1 in Crossbows
  1898 | D:2      | Reached skill level 1 in Throwing
  1898 | D:2      | Reached skill level 1 in Armour
  1898 | D:2      | Reached skill level 1 in Dodging
  1898 | D:2      | Reached skill level 1 in Stealth
  1898 | D:2      | Reached skill level 1 in Shields
  1898 | D:2      | Reached skill level 1 in Unarmed Combat
  1898 | D:2      | Reached skill level 1 in Evocations
  2120 | D:2      | Reached XP level 4. HP: 40/41 MP: 8/8
  2648 | D:3      | Reached skill level 1 in Conjurations
  2648 | D:3      | Reached skill level 1 in Hexes
  2648 | D:3      | Reached skill level 1 in Summonings
  2648 | D:3      | Reached skill level 1 in Necromancy
  2648 | D:3      | Reached skill level 1 in Translocations
  2648 | D:3      | Reached skill level 1 in Transmutations
  2648 | D:3      | Reached skill level 1 in Ice Magic
  2648 | D:3      | Reached skill level 1 in Air Magic
  2648 | D:3      | Reached skill level 1 in Earth Magic
  2648 | D:3      | Reached skill level 1 in Poison Magic
  2912 | D:3      | Reached XP level 5. HP: 43/47 MP: 9/9
  4220 | D:4      | Noticed an ogre
  4235 | D:4      | Found a glowing drain.
  4271 | D:4      | Reached XP level 6. HP: 24/53 MP: 9/11
  4280 | D:4      | Noticed Dowan
  4312 | Sewer    | Entered a sewer
  4443 | Sewer    | Noticed Pargi
  4449 | Sewer    | Killed Pargi
  4465 | Sewer    | Reached XP level 7. HP: 59/59 MP: 12/12
  4582 | D:4      | Noticed Duvessa
  4928 | D:4      | Found a staircase to the Ecumenical Temple.
  4937 | Temple   | Entered the Ecumenical Temple
  5814 | D:4      | Killed Duvessa
  5821 | D:5      | Entered Level 5 of the Dungeon
  6044 | D:4      | Killed Dowan
  6565 | D:5      | Reached XP level 8. HP: 58/67 MP: 10/14
  6702 | D:5      | Found Taczus's Tempting Trifles.
  6806 | D:5      | Identified the +2 robe of Zoshraing {rElec rF++ Str-3 SInv}
  7670 | D:5      | Learned a level 3 spell: Mephitic Cloud
  7674 | D:5      | Learned a level 3 spell: Ignite Poison
  7975 | D:6      | Noticed a wraith
  8079 | D:5      | Reached XP level 9. HP: 70/73 MP: 14/16
  8400 | D:6      | Found a blossoming altar of Fedhas.
  8401 | D:6      | Found a broken altar of Ashenzari.
  8505 | D:6      | Reached skill level 5 in Spellcasting
  8856 | D:6      | Noticed Maggie
  8866 | D:6      | Killed Maggie
  8935 | D:6      | Found a hide-covered altar of Uskayaw.
  9009 | D:6      | Found Ylizil's Assorted Antiques.
  9434 | D:7      | Reached skill level 5 in Invocations
  9459 | D:7      | Found a flagged portal.
  9478 | Bailey   | Entered a bailey
  9717 | Bailey   | Reached XP level 10. HP: 76/80 MP: 18/18
  9747 | Bailey   | Reached skill level 5 in Short Blades
  9747 | Bailey   | Reached skill level 5 in Axes
  9747 | Bailey   | Reached skill level 5 in Maces & Flails
  9747 | Bailey   | Reached skill level 5 in Polearms
  9747 | Bailey   | Reached skill level 5 in Staves
  9747 | Bailey   | Reached skill level 5 in Slings
  9747 | Bailey   | Reached skill level 5 in Bows
  9747 | Bailey   | Reached skill level 5 in Crossbows
  9747 | Bailey   | Reached skill level 5 in Throwing
  9747 | Bailey   | Reached skill level 5 in Armour
  9747 | Bailey   | Reached skill level 5 in Dodging
  9747 | Bailey   | Reached skill level 5 in Stealth
  9747 | Bailey   | Reached skill level 5 in Shields
  9747 | Bailey   | Reached skill level 5 in Unarmed Combat
  9747 | Bailey   | Reached skill level 5 in Evocations
  9834 | Bailey   | Noticed a vault guard
  9869 | Bailey   | Killed a vault guard
  9896 | Bailey   | Noticed a vault guard
  9896 | Bailey   | Noticed Prince Ribbit
  9921 | Bailey   | Killed Prince Ribbit
  9953 | Bailey   | Killed a vault guard
 10289 | D:7      | Noticed Joseph
 10312 | D:7      | Found a sparkling altar of Nemelex Xobeh.
 10328 | D:7      | Noticed Menkaure
 10341 | D:7      | Killed Menkaure
 10753 | D:7      | Found Laiczeq's Magic Scroll Shop.
 10761 | D:7      | Bought a scroll of amnesia for 35 gold pieces
 10761 | D:7      | Bought a scroll of teleportation for 30 gold pieces
 10761 | D:7      | Bought a scroll of fear for 35 gold pieces
 10761 | D:7      | Bought a scroll of magic mapping for 35 gold pieces
 10842 | D:8      | Found Akemig's Distillery.
 11293 | D:8      | Bought a potion of heal wounds for 75 gold pieces
 11361 | D:8      | Found a runed translucent gate.
 11361 | D:8      | Found a runed translucent gate.
 11361 | D:8      | Found a runed translucent gate.
 11362 | D:8      | Noticed blackman's ghost (novice HuDe)
 11708 | D:8      | Learned a level 3 spell: Vampiric Draining
 12456 | D:9      | Identified the +0 plate armour of Unambiguity {Rampage
                  | rPois MP+9 Stlth-}
 12939 | D:9      | Reached XP level 11. HP: 85/87 MP: 18/20
 13176 | D:10     | Entered Level 10 of the Dungeon
 13732 | D:10     | Noticed a sixfirhy
 13844 | D:10     | Noticed a soul eater
 13896 | D:10     | Identified the +9 morningstar of Nice Cruel Justice {drain,
                  | rElec rPois Will++ MP-9}
 14101 | D:10     | Reached skill level 5 in Conjurations
 14101 | D:10     | Reached skill level 5 in Hexes
 14101 | D:10     | Reached skill level 5 in Summonings
 14101 | D:10     | Reached skill level 5 in Necromancy
 14101 | D:10     | Reached skill level 5 in Translocations
 14101 | D:10     | Reached skill level 5 in Transmutations
 14101 | D:10     | Reached skill level 5 in Ice Magic
 14101 | D:10     | Reached skill level 5 in Air Magic
 14101 | D:10     | Reached skill level 5 in Earth Magic
 14101 | D:10     | Reached skill level 5 in Poison Magic
 14355 | D:10     | Found a portal to a secret trove of treasure.
 14392 | D:10     | Found a staircase to the Lair.
 14852 | D:11     | Noticed Erica
 14874 | D:11     | Killed Erica
 15118 | D:11     | Found Vokac's Weapon Shoppe.
 15144 | D:11     | Noticed a cyclops
 15153 | D:11     | Noticed a cyan ugly thing
 15282 | D:11     | Noticed Grum
 15336 | D:11     | Noticed a six-headed hydra
 15350 | D:10     | Killed a four-headed hydra
 15470 | D:10     | Killed Grum
 15614 | D:11     | Killed a cyclops
 15691 | D:11     | Noticed a centaur warrior
 15769 | D:11     | HP: 3/89 [centaur warrior/arrow (13)]
 16071 | D:11     | Noticed a centaur warrior
 16078 | D:11     | Killed a centaur warrior
 16152 | D:11     | Noticed a cyclops
 16167 | D:11     | Killed a cyclops
 16342 | D:11     | Killed a cyan ugly thing
 16406 | D:11     | Reached XP level 12. HP: 22/96 MP: 5/23
 16876 | D:11     | Killed a centaur warrior
 17659 | D:12     | Noticed Frances
 17672 | D:11     | Demolished by an ice devil

Illustrated notes

Levels and vault maps discovered:
D:1:      lemuel_arrival_muddy, layout_loops_ring
D:2:      layout_basic, minmay_domino_4
D:3:      layout_basic
D:4:      layout_loops_corners, lemuel_temple_firewalk_b, portal_sewer_entry_b,
          serial_bayou_lagoon_a, uniq_duvessa
D:5:      layout_gridville, nicolae_alphabet_shops
D:6:      layout_loops_corners, kennysheep_mini,
          gammafunk_temple_overflow_statue, serial_shops, nicolae_shop_stone,
          uniq_maggie
D:7:      layout_basic, mainiacjoe_overflow_concentric_impassable,
          enter_bailey_5, serial_shops, nicolae_shop_advertising_works
          [nicolae_subvault_shop_adworks], st_stairs_12, uniq_menkaure,
          uniq_joseph
D:8:      layout_rooms, gammafunk_ghost_nasty_kobolds, nicolae_stop_n_shop_1
D:9:      layout_basic
D:10:     layout_big_octagon, erik_lair_orcish_takeover,
          nicolae_trove_entry_crossroad
D:11:     minmay_bloctagon_deflated, layout_grid_maze, serial_shops,
          nicolae_shop_waterfront, hangedman_misty_isle, uniq_grum, uniq_erica
D:12:     layout_loops_cross, orc_0_dummy, due_unseen_surprise, uniq_frances
Temple:   dpeg_five_rooms_temple

Skill      XL: |  1  2  3  4  5  6  7  8  9 10 11 12 |
---------------+-------------------------------------+-----
Invocations    | 1 2 3 4 5 6 7 |  7.7
Short Blades   | 1 2 3 4 5 6 7 |  7.0
Axes           | 1 2 3 4 5 6 7 |  7.0
Maces & Flails | 1 2 3 4 5 6 7 |  7.0
Polearms       | 1 2 3 4 5 6 7 |  7.0
Staves         | 1 2 3 4 5 6 7 |  7.0
Slings         | 1 2 3 4 5 6 7 |  7.0
Bows           | 1 2 3 4 5 6 7 |  7.0
Crossbows      | 1 2 3 4 5 6 7 |  7.0
Throwing       | 1 2 3 4 5 6 7 |  7.0
Armour         | 1 2 3 4 5 6 7 |  7.0
Dodging        | 1 2 3 4 5 6 7 |  7.0
Stealth        | 1 2 3 4 5 6 7 |  7.0
Shields        | 1 2 3 4 5 6 7 |  7.0
Unarmed Combat | 1 2 3 4 5 6 7 |  7.0
Evocations     | 1 2 3 4 5 6 7 |  7.0
Spellcasting   | 3 4 5 6 7 |  7.6
Conjurations   | 1 2 3 4 5 |  5.8
Hexes          | 1 2 3 4 5 |  5.8
Summonings     | 1 2 3 4 5 |  5.8
Necromancy     | 1 2 3 4 5 |  5.8
Translocations | 1 2 3 4 5 |  5.8
Transmutations | 1 2 3 4 5 |  5.8
Ice Magic      | 1 2 3 4 5 |  5.8
Air Magic      | 1 2 3 4 5 |  5.8
Earth Magic    | 1 2 3 4 5 |  5.8
Poison Magic   | 1 2 3 4 5 |  5.8
Fighting       | 7 8 9 |  9.7
Long Blades    | 7 8 9 |  9.7
Fire Magic     | 6 7 8 |  8.1

Action                   |  1- 3 |  4- 6 |  7- 9 | 10-12 || total
-------------------------+-------+-------+-------+-------++-------
Melee: Falchion          |   124 |     3 |    88 |       ||   215
       Bite              |     6 |    22 |    40 |    47 ||   115
       Punch             |     1 |     6 |     9 |    21 ||    37
       Dagger            |    20 |   163 |   220 |   116 ||   519
       Broad axe         |       |       |    56 |   142 ||   198
       Morningstar       |       |       |       |   153 ||   153
       Scimitar          |       |       |       |     8 ||     8
Throw: Dart              |       |       |     7 |    41 ||    48
       Stone             |       |       |       |     2 ||     2
       Javelin           |       |       |       |     6 ||     6
       Boomerang         |       |       |       |     1 ||     1
 Cast: Mephitic Cloud    |       |       |       |     4 ||     4
       Ignite Poison     |       |       |       |     1 ||     1
       Vampiric Draining |       |       |       |     4 ||     4
Invok: Fiery Armour      |       |     3 |       |     3 ||     6
Evoke: Wand              |       |     1 |     6 |    15 ||    22
  Use: Scroll            |       |       |     9 |     1 ||    10
       Potion            |       |       |       |     2 ||     2
 Stab: Sleeping          |       |     3 |     7 |     7 ||    17
       Paralysed         |       |     3 |       |     2 ||     5
       Distracted        |       |       |     1 |     2 ||     3
Armor: Robe              |    33 |    36 |    53 |    53 ||   175
       Acid dragon scale |       |       |       |    72 ||    72
Dodge: Dodged            |    85 |    90 |   252 |   388 ||   815

Table legend: (Time is in decaauts)
 A = Elapsed time spent in this place.
 B = Non-inter-level travel time spent in this place.
 C = Inter-level travel time spent in this place.
 D = Time resting spent in this place.
 E = Time spent auto-exploring this place.
 F = Levels seen in this place.
 G = Mean time per level.
                   A        B        C        D        E       F      G
               +--------+--------+--------+--------+--------+-----+--------+
         Total |  17743 |  16888 |    855 |   4804 |   7271 |  15 | 1182.9 |
       Dungeon |  16635 |  15828 |    807 |   4490 |   7070 |  12 | 1386.2 |
        Temple |    260 |    212 |     48 |      0 |    201 |   1 |  260.0 |
         Sewer |    203 |    203 |      0 |     36 |      0 |   1 |  203.0 |
        Bailey |    643 |    643 |      0 |    278 |      0 |   1 |  643.0 |
               +--------+--------+--------+--------+--------+-----+--------+

Top non-repeatable levels by time:
    D:11: 2371 daAuts
     D:9: 2005 daAuts
     D:5: 1861 daAuts
     D:4: 1736 daAuts
     D:3: 1526 daAuts
     D:6: 1318 daAuts
    D:10: 1294 daAuts
     D:1: 1280 daAuts
     D:2: 1210 daAuts
     D:8: 1110 daAuts
     D:7: 901 daAuts
  Bailey: 643 daAuts
  Temple: 260 daAuts
   Sewer: 203 daAuts
    D:12: 19 daAuts
